Map: [ESL] Goldenaura

Players

herO

  • Race: Protoss Protoss
  • Spawn Location: 5:00

MaNa - Winner!

  • Race: Protoss Protoss
  • Spawn Location: 12:00

Event: ESL SC2 Masters 2023 Winter (Finals)

VOD

Have the link to the VOD?

Description

Time

  • Played on: Dec. 15, 2023, 11 a.m.
  • Length: 6:31

All games in this series

Show
View Real Time Build Order
Export as new Build Order

herO Protoss 

Build Orders: Phoenix Opening, Blink Stalkers 

Get SALT Encoding   

  12  0:00  Probe  
  13  0:12  Probe  
  14  0:16  Pylon  
  14  0:24  Probe (Chrono Boost)  
  16  0:36  Probe (Chrono Boost)  
  16  0:37  Gateway  
  16  0:43  Probe (Chrono Boost)  
  17  0:50  Assimilator, Probe  
  18  1:03  Probe (Chrono Boost)  
  19  1:04  Assimilator  
  19  1:08  Gateway  
  20  1:12  Probe (Chrono Boost)  
  20  1:17  Probe (Chrono Boost)  
  20  1:25  Cybernetics Core  
  21  1:29  Probe  
  22  1:38  Pylon  
  22  1:41  Probe  
  23  1:56  Probe  
  23  2:01  Warp Gate, Stalker  
  26  2:05  Sentry  
  28  2:12  Pylon  
  28  2:28  Stalker  
  30  2:31  Stalker  
  32  2:38  Phoenix  
  32  2:52  Nexus  
  32  2:57  Sentry  
  34  3:01  Sentry  
  34  3:03  Probe  
  36  3:14  Pylon  
  36  3:15  Probe  
  37  3:26  Twilight Council  
  37  3:29  Shield Battery  
  37  3:32  Probe  
  38  3:44  Probe  
  39  3:49  Adept x2  
  43  3:56  Probe  
  43  3:57  Blink (Chrono Boost)  
  44  4:03  Probe  
  45  4:11  Probe  
  45  4:14  Pylon  
  45  4:15  Probe  
  47  4:26  Probe, Phoenix  
  47  4:28  Probe  
  49  4:32  Gateway x2  
  49  4:43  Probe x2  
  49  4:45  Stalker x2  
  49  4:50  Robotics Facility  
  51  4:55  Probe x2  
  53  5:02  Pylon  
  53  5:07  Probe  
  53  5:08  Probe  
  53  5:11  Stalker x2  
  59  5:19  Probe  
  59  5:20  Probe  
  61  5:32  Shield Battery, Pylon  
  61  5:33  Probe x2  
  61  5:34  Sentry x2  
  67  5:35  Pylon  
  67  5:42  Pylon  
  63  6:02  Robotics Facility, Probe x2  
  63  6:04  Stalker  
  63  6:05  Stalker  
  63  6:10  Pylon  
  67  6:12  Gateway  
  67  6:17  Stalker  
  69  6:18  Probe  
Show
View Real Time Build Order
Export as new Build Order

MaNa Protoss - Winner!

Build Orders: Blink Stalkers 

Get SALT Encoding   

  12  0:00  Probe  
  13  0:12  Probe  
  14  0:17  Pylon  
  14  0:24  Probe (Chrono Boost)  
  15  0:36  Probe (Chrono Boost)  
  15  0:37  Gateway  
  16  0:44  Probe (Chrono Boost)  
  16  0:47  Assimilator  
  17  0:51  Probe  
  18  1:03  Probe (Chrono Boost)  
  19  1:04  Assimilator  
  19  1:11  Gateway  
  19  1:13  Probe (Chrono Boost)  
  19  1:18  Probe (Chrono Boost)  
  21  1:26  Cybernetics Core  
  21  1:29  Probe  
  22  1:36  Pylon  
  22  1:41  Probe  
  24  1:54  Probe  
  24  2:02  Stalker  
  24  2:03  Adept  
  24  2:06  Probe, Warp Gate  
  29  2:13  Pylon  
  29  2:20  Probe  
  30  2:35  Stalker  
  32  2:38  Probe  
  33  2:51  Nexus  
  33  2:55  Probe  
  34  3:07  Probe  
  35  3:12  Twilight Council  
  36  3:20  Probe  
  36  3:22  Sentry  
  38  3:32  Probe (Chrono Boost)  
  39  3:41  Pylon  
  37  3:43  Blink (Chrono Boost), Probe (Chrono Boost)  
  37  3:48  Probe (Chrono Boost)  
  39  3:59  Probe  
  39  4:00  Dark Shrine, Stalker  
  42  4:04  Stalker  
  42  4:05  Probe  
  45  4:11  Probe  
  45  4:14  Gateway  
  46  4:19  Probe  
  48  4:26  Adept  
  48  4:27  Adept  
  50  4:31  Probe  
  50  4:35  Probe  
  51  4:43  Probe  
  49  4:47  Probe  
  49  4:50  Shield Battery  
  49  4:55  Probe  
  49  4:57  Shield Battery  
  49  4:59  Probe  
  51  5:07  Probe  
  51  5:11  Probe  
  51  5:12  Dark Templar x2  
  57  5:19  Probe  
  58  5:23  Probe  
  58  5:25  Dark Templar  
  57  5:31  Pylon  
  57  5:32  Probe  
  57  5:35  Probe  
  59  5:44  Probe  
  59  5:48  Probe  
  61  5:56  Stalker x2, Probe  
  66  5:58  Assimilator  
  66  6:00  Assimilator, Probe  
  67  6:06  Dark Templar  
  67  6:08  Probe  
  70  6:12  Gateway  
  70  6:23  Pylon  
  70  6:31  Stalker  
Tags
 
Add a new tag
Caveats
  • Supply blocks, unpowered buildings, or Contaminate may cause inaccurate times.
  • Supply counts are checked every 10 seconds.